 Dungeon Crawl Stone Soup version 0.29-a0-330-g52719c12eb (webtiles) character file.

Game seed: 15793197576301630481

68 kae the Firebug (level 4, -1/25 HPs)
             Began as a Tengu Fire Elementalist on Apr 14, 2022.
             Slain by Pargi (2 damage)
             ... in a sewer.
             The game lasted 00:01:10 (2148 turns).

kae the Firebug (Tengu Fire Elementalist)           Turns: 2148, Time: 00:01:10

Health: -1/25      AC:  2    Str:  8    XL:     4   Next: 19%
Magic:  2/8        EV: 13    Int: 17    God:
Gold:   48         SH:  0    Dex: 15    Spells: 0/7 levels left

rFire   . . .      SeeInvis .   g - +2 dagger (protect)
rCold   . . .      Faith    .   (no shield)
rNeg    . . .      Spirit   .   a - +0 robe
rPois   .          Reflect  .   (helmet restricted)
rElec   .          Harm     .   (no cloak)
rCorr   .          Rampage  .   (no gloves)
Will    .....                   (boots unavailable)
Stlth   ++........              (no amulet)
HPRegen 0.08/turn               (no ring)
MPRegen 0.11/turn               (no ring)

@: brilliant
A: beak, talons 3
a: no special abilities


You were in a sewer.
You visited 1 branch of the dungeon, and saw 3 of its levels.
You also visited: Sewer.

You collected 72 gold pieces.
You spent 24 gold pieces at shops.

Inventory:

Hand Weapons
 g - a +2 dagger of protection (weapon)
Armour
 a - a +0 robe (worn)
Jewellery
 c - an amulet of the acrobat
 j - a +6 ring of intelligence
Scrolls
 i - a scroll of teleportation
Potions
 b - a potion of magic
 d - a potion of brilliance
 e - a potion of curing
 f - a potion of lignification
 h - a potion of resistance {unknown}
 l - a potion of haste {unknown}


   Skills:
 + Level 1.1 Fighting
 + Level 2.9 Dodging
 - Level 2.0 Stealth
 + Level 2.3 Spellcasting
 + Level 2.2 Conjurations
 * Level 4.2 Fire Magic


You couldn't memorise any spells.
You knew the following spells:

 Your Spells              Type           Power      Damage    Failure   Level
a - Foxfire               Conj/Fire      76%        2x1d7     4%          1
b - Scorch                Fire           48%        2d7       4%          2
c - Conjure Flame         Conj/Fire      19%        6-21      16%         3
d - Sting                 Tmut/Pois      8%         1d3       19%         1

Your spell library contained the following spells:

 Spells                   Type           Power      Damage    Failure   Level
 Inner Flame              Hex/Fire       13%        N/A       24%         3
 Poisonous Vapours        Pois/Air       4%         N/A       28%         2
 Dazzling Flash           Conj/Hex       16%        N/A       34%         3
 Flame Wave               Conj/Fire      19%        2d6       45%         4
 Tukima's Dance           Hex            2%         N/A       50%         3
 Cause Fear               Hex            1%         N/A       88%         4
 Olgreb's Toxic Radiance  Pois           2%         N/A       88%         4


Dungeon Overview and Level Annotations

Branches:
Dungeon (3/15)              Sewer (1/1)

Altars:

Shops:
D:2 *

Annotations:
Sewer Pargi


Innate Abilities, Weirdness & Mutations

You have a beak for a mouth.
You have claws for feet.


Message History

Confirm with . or Enter, or press ? or * to list all spells.
You feel a surge of power!
You conjure some foxfire!
The foxfire hits Pargi.
Pargi is lightly wounded.
Pargi shouts!
Your foxfire dissipates!
The foxfire hits Pargi.
Pargi is moderately wounded.
Casting: Foxfire (safe; 4% risk of failure)
Confirm with . or Enter, or press ? or * to list all spells.
You feel a surge of power!
You conjure some foxfire!
The foxfire hits Pargi.
Pargi is moderately wounded.
Casting: Foxfire (safe; 4% risk of failure)
Confirm with . or Enter, or press ? or * to list all spells.
You can't see any susceptible monsters within range! (Use Z to cast anyway.)
Casting: Foxfire (safe; 4% risk of failure)
Confirm with . or Enter, or press ? or * to list all spells.
You feel a surge of power!
You conjure some foxfire!
The foxfire hits Pargi.
Pargi is moderately wounded.
Casting: Foxfire (safe; 4% risk of failure)
Confirm with . or Enter, or press ? or * to list all spells.
You feel a surge of power!
Flames lash Pargi.
Pargi is moderately wounded.
Pargi's fire resistance burns away.
Pargi bites you! Pargi claws you. Pargi barely misses you.
Casting: Scorch (safe; 4% risk of failure)
Confirm with . or Enter, or press ? or * to list all spells.
You feel a surge of power!
Flames lash Pargi.
Pargi is burned terribly!
Pargi is heavily wounded.
Pargi closely misses you. Pargi claws you. x2
Pargi barely misses you. Pargi claws you but does no damage. Pargi claws you.
Casting: Scorch (safe; 4% risk of failure)
Confirm with . or Enter, or press ? or * to list all spells.
You feel a surge of power!
Flames lash Pargi.
Pargi is burned terribly!
Pargi is heavily wounded.
Pargi bites you!
* * * LOW HITPOINT WARNING * * *
Pargi claws you but does no damage. Pargi claws you.
You die...

..... ... ... ...
#.# ####### #!#
##.....## #T#
##...≈...#
#@#######...≈≈≈†..
#..........≈≈≈≈≈.∩
#.#######†.†≈≈≈...
#.# ##...≈...# #.#
##.....## #.#
####### #.# #.#
#∩#


You could see Pargi (combustible).

Vanquished Creatures
  3 adders
  2 worms (D:3)
  A dart slug (D:1)
  3 endoplasms
  2 giant cockroaches
  4 goblins
  3 hobgoblins (D:2)
  2 ball pythons
  9 bats
  3 frilled lizards (D:1)
  3 kobolds
  3 rats
38 creatures vanquished.

Vanquished Creatures (others)
  145 foxfires
145 creatures vanquished.

Grand Total: 183 creatures vanquished

Notes
Turn   | Place    | Note
-------+----------+-------------------------------------------
     0 | D:1      | kae the Tengu Fire Elementalist began the quest for the
                  | Orb.
     0 | D:1      | Reached XP level 1. HP: 10/10 MP: 4/4
   379 | D:1      | Reached XP level 2. HP: 16/16 MP: 1/6
   872 | D:1      | Found a faded altar of an unknown god.
  1292 | D:2      | Reached XP level 3. HP: 18/20 MP: 4/7
  1521 | D:2      | Reached skill level 4 in Fire Magic
  1550 | D:2      | Found Qemuss's General Store.
  1563 | D:2      | Got the Handbook of Curses and Conjuration
  1579 | D:2      | Bought a scroll of identify for 24 gold pieces
  1797 | D:2      | Reached skill level 1 in Fighting
  1966 | D:3      | Found a glowing drain.
  1977 | D:3      | Reached XP level 4. HP: 25/25 MP: 4/8
  2039 | Sewer    | Entered a sewer
  2111 | Sewer    | Noticed Pargi
  2125 | Sewer    | Learned a level 2 spell: Scorch
  2129 | Sewer    | Learned a level 3 spell: Conjure Flame
  2131 | Sewer    | Learned a level 1 spell: Sting
  2148 | Sewer    | HP: 1/25 [Pargi (8)]
  2148 | Sewer    | Slain by Pargi

Illustrated notes

Levels and vault maps discovered:
D:1:      noname_arrival_rooms_in_the_neighbourhood, layout_basic,
          hellmonk_ecumenical_altar_inner_sanctum
D:2:      layout_basic, serial_shops, shop, dk_noncrumbling_3
D:3:      layout_basic, cheibrodos_sewer_entry_drain
Sewer:    sewer_big_baddie

Skill      XL: |  1  2  3 |
---------------+----------+-----
Conjurations   | 2 |  2.2
Fire Magic     | 4 |  4.2
Fighting       | 1 |  1.1
Dodging        | |  2.9
Stealth        | |  2.0
Spellcasting   | |  2.3

Action                   |  1- 3 |  4- 6 || total
-------------------------+-------+-------++-------
Melee: Unarmed           |     3 |       ||     3
       Dagger            |     5 |       ||     5
       Kick              |     1 |       ||     1
       Peck              |     1 |       ||     1
 Cast: Foxfire           |    75 |    14 ||    89
       Scorch            |       |     3 ||     3
  Use: Scroll            |     5 |       ||     5
       Potion            |       |     1 ||     1
Armor: Robe              |     3 |     2 ||     5
Dodge: Dodged            |    11 |     3 ||    14

Table legend: (Time is in decaauts)
 A = Elapsed time spent in this place.
 B = Non-inter-level travel time spent in this place.
 C = Inter-level travel time spent in this place.
 D = Time resting spent in this place.
 E = Time spent auto-exploring this place.
 F = Levels seen in this place.
 G = Mean time per level.
                   A        B        C        D        E       F      G
               +--------+--------+--------+--------+--------+-----+--------+
         Total |   2149 |   2134 |     15 |     51 |   1764 |   4 |  537.2 |
       Dungeon |   2040 |   2025 |     15 |     51 |   1700 |   3 |  680.0 |
         Sewer |    108 |    108 |      0 |      0 |     64 |   1 |  108.0 |
               +--------+--------+--------+--------+--------+-----+--------+

Top non-repeatable levels by time:
     D:2: 1024 daAuts
     D:1: 931 daAuts
   Sewer: 108 daAuts
     D:3: 85 daAuts
